 Dungeon Crawl Stone Soup version 0.29-a0-757-g358383bc75 (webtiles) character file.

Game seed: 1229457400445017598

15393 Pooter the Skirmisher (level 12, 0/60 HPs)
             Began as a Spriggan Hunter on June 30, 2022.
             Slain by a vampire mosquito (9 damage)
             ... on level 10 of the Dungeon.
             The game lasted 01:17:23 (14387 turns).

Pooter the Skirmisher (Spriggan Hunter)            Turns: 14387, Time: 01:17:24

Health: 0/60       AC:  9    Str: 18    XL:     12   Next: 0%
Magic:  0/6        EV: 24    Int: 12    God:
Gold:   257        SH:  0    Dex: 20    Spells: 15/19 levels left

rFire   + . .      SeeInvis +   U - +6 spear "Xopt" {antimagic, rF+ rCorr Str+3}
rCold   . . .      Faith    .   (no shield)
rNeg    . . .      Spirit   +   M - +2 acid dragon scales
rPois   +          Reflect  .   x - +0 hat
rElec   .          Harm     .   K - +0 cloak
rCorr   +          Rampage  .   (gloves unavailable)
Will    ++...                   (boots unavailable)
Stlth   +++++.....              G - amulet of guardian spirit
HPRegen 0.20/turn               N - +6 ring of strength
MPRegen 0.10/turn               P - ring of poison resistance

@: very quick
A: very small, no large weapons, unfitting armour, see invisible, speed 3
a: no special abilities


You were on level 10 of the Dungeon.
You visited 2 branches of the dungeon, and saw 11 of its levels.
You also visited: Ossuary.

You collected 612 gold pieces.
You spent 355 gold pieces at shops.

Inventory:

Hand Weapons
 a - a +1 arbalest
   (You found it on level 1 of the Dungeon)
 b - a +0 vorpal morningstar
   (You took it off an orc on level 5 of the Dungeon)
 c - a +5 scimitar of freezing
   (You took it off a wight on level 8 of the Dungeon)
 s - a +0 vorpal war axe
   (You took it off an orc on level 7 of the Dungeon)
 U - the +6 spear "Xopt" (weapon) {antimagic, rF+ rCorr Str+3}
   (You took it off an orc on level 5 of the Dungeon)

   It reduces the magical energy of the wielder, and disrupts the spells and
   magical abilities of those it strikes.
   Natural abilities and divine invocations are not affected.
   Str:       It affects your strength (+3).
   rF:        It protects you from fire.
   rCorr:     It protects you from acid and corrosion.
Missiles
 l - 51 poisoned darts
 r - 8 boomerangs (quivered)
 Q - 80 stones
 R - 2 curare-tipped darts
 S - 2 boomerangs of dispersal {!f}
 T - a throwing net {!f}
Armour
 x - a +0 hat (worn)
   (You found it on level 3 of the Dungeon)
 z - the +1 robe of the Clam {rF+ Str-3 Int+3}
   (You found it on level 4 of the Dungeon)

   Str:       It affects your strength (-3).
   Int:       It affects your intelligence (+3).
   rF:        It protects you from fire.
 K - a +0 cloak (worn)
   (You found it on level 6 of the Dungeon)
 M - +2 acid dragon scales (worn)
   (You found it on level 5 of the Dungeon)
Jewellery
 y - an amulet of magic regeneration
   (You found it on level 3 of the Dungeon)
 A - an amulet of faith {!P}
   (You took it off a kobold on level 9 of the Dungeon)
 C - a ring of resist corrosion
   (You found it on level 1 of the Dungeon)
 G - an amulet of guardian spirit (around neck)
   (You found it on level 7 of the Dungeon)
 N - a +6 ring of strength (left hand)
   (You found it on level 6 of the Dungeon)
 P - a ring of poison resistance (right hand)
   (You found it on level 3 of the Dungeon)
Wands
 d - a wand of iceblast (5)
   (You found it on level 5 of the Dungeon)
 f - a wand of flame (8)
   (You found it on level 9 of the Dungeon)
 m - a wand of polymorph (2)
   (You took it off Jessica on level 2 of the Dungeon)
 u - a wand of quicksilver (1)
   (You took it off Maurice on level 8 of the Dungeon)
 B - a wand of mindburst (11)
   (You took it off a gnoll on level 4 of the Dungeon)
 D - a wand of digging (5)
   (You bought it in a shop on level 9 of the Dungeon)
Scrolls
 e - 3 scrolls of immolation {!r}
 j - 3 scrolls of magic mapping
 k - a scroll of blinking
 o - 2 scrolls of summoning
 q - a scroll of amnesia
 t - 7 scrolls of teleportation {@r4}
 v - 4 scrolls of fog
 w - 3 scrolls of noise {!r}
 L - 2 scrolls of silence
 O - 3 scrolls of poison
Potions
 g - 2 potions of heal wounds {@q2}
 h - 4 potions of curing {@q1}
 n - 3 potions of attraction {!q}
 p - 8 potions of flight
 E - 2 potions of lignification {!q}
 F - a potion of might
 H - 3 potions of brilliance
 I - 2 potions of haste {@q3}
 J - a potion of mutation {!q}
 V - a potion of cancellation


   Skills:
 + Level 5.7 Fighting
 * Level 13.1 Ranged Weapons
 + Level 9.7 Dodging
 + Level 11.2 Stealth
 + Level 4.3 Spellcasting
 + Level 4.2 Hexes
 + Level 4.6 Transmutations
 + Level 2.9 Ice Magic
 + Level 3.2 Earth Magic
 - Level 7.6 Evocations


You had 15 spell levels left.
You knew the following spells:

 Your Spells              Type           Power      Damage    Failure   Level
a - Ensorcelled Hibernat  Hex/Ice        22%        N/A       10%         2
b - Passwall              Tmut/Erth      10%        N/A       9%          2

Your spell library contained the following spells:

 Spells                   Type           Power      Damage    Failure   Level
 Confusing Touch          Hex            12%        N/A       14%         3
 Dazzling Flash           Conj/Hex       14%        N/A       34%         3
 Portal Projectile        Hex/Tloc       14%        N/A       34%         3
 Petrify                  Tmut/Erth      12%        N/A       50%         4
 Leda's Liquefaction      Hex/Erth       5%         N/A       52%         4
 Call Canine Familiar     Summ           2%         N/A       63%         3
 Swiftness                Air            2%         N/A       63%         3
 Yara's Violent Unravell  Hex/Tmut       6%         3d5       77%         5
 Metabolic Englaciation   Hex/Ice        5%         N/A       87%         5
 Iskenderun's Mystic Bla  Conj/Tloc      2%         2d3       95%         4
 Starburst                Conj/Fire      1%         6d3       100%        6
 Statue Form              Tmut/Erth      8%         N/A       100%        6
 Enfeeble                 Hex            6%         N/A       100%        7


Dungeon Overview and Level Annotations

Branches:
Dungeon (10/15)            Temple (1/1) D:6         Ossuary (visited)
   Lair: D:8-11         Orc: D:9-12

Altars:
Ashenzari
Dithmenos
Elyvilon
Fedhas
Gozag
Hepliaklqana
Kikubaaqudgha
Makhleb
Nemelex Xobeh
Okawaru
Qazlal
Ru
Sif Muna
Uskayaw
Vehumet
Wu Jian
Xom
Yredelemnul
Zin

Shops:
D:6 =   D:7 (   D:9 *![:(

Annotations:
D:10 Nergalle


Innate Abilities, Weirdness & Mutations

You are very small and have problems with some larger weapons.
You are too small for most types of armour.
You have supernaturally acute eyesight. (SInv)
You cover ground extremely quickly. (Speed+++)


Message History

The vampire mosquito closely misses you.
Nergalle hits you but does no damage.
The spectral orc warrior completely misses you.
You puncture Nergalle!
Nergalle's magic leaks into the air.
The vampire mosquito completely misses you.
The vampire mosquito bites you but does no damage.
The vampire mosquito misses you. Nergalle barely misses you.
The vampire mosquito completely misses you.
The spectral orc warrior misses you.
You barely miss Nergalle.
Nergalle's magic is no longer disrupted.
The vampire mosquito misses you.
The vampire mosquito closely misses you.
The vampire mosquito bites you!
The vampire mosquito draws strength from your injuries!
Nergalle completely misses you.
The vampire mosquito closely misses you.
The spectral orc warrior completely misses you.
You hit Nergalle.
Nergalle's magic leaks into the air.
The vampire mosquito completely misses you.
The vampire mosquito bites you.
The vampire mosquito draws strength from your injuries!
The vampire mosquito barely misses you. Nergalle misses you.
The vampire mosquito closely misses you.
The spectral orc warrior hits you with a +0 scimitar!
* * * LOW HITPOINT WARNING * * *
Unknown command.
You hit Nergalle.
Nergalle's magic leaks into the air.
The vampire mosquito bites you.
* * * LOW MAGIC WARNING * * *
* * * LOW HITPOINT WARNING * * *
The vampire mosquito draws strength from your injuries!
The vampire mosquito closely misses you.
The vampire mosquito barely misses you. Nergalle hits you but does no damage.
The vampire mosquito completely misses you.
The spectral orc warrior hits you with a +0 scimitar!
* * * LOW MAGIC WARNING * * *
* * * LOW HITPOINT WARNING * * *
The vampire mosquito barely misses you.
Unknown command.
You hit Nergalle but do no damage.
Nergalle's magic is no longer disrupted.
The vampire mosquito closely misses you.
The vampire mosquito completely misses you.
Nergalle hits you with a +0 dagger.
* * * LOW MAGIC WARNING * * *
* * * LOW HITPOINT WARNING * * *
The vampire mosquito bites you!
* * * LOW MAGIC WARNING * * *
You die...

........#..
........#.
.........
........# ## .
.......<## #.#..
.........##......
...##.....#......
# ###..yy#
#...@o#
#..Z........
##........#.
###........
.###..##. . ..# .
... .. ...


You could see Nergalle, a spectral orc warrior (summoned) and 2 vampire
mosquitoes.

Vanquished Creatures
  Pikel (D:4)
  Maurice (D:8)
  Maggie (D:8)
  Prince Ribbit (D:9)
  A wraith (Ossuary)
  A wyvern (D:7)
  10 yaks
  A steam dragon (D:8)
  An acid dragon (D:5)
  A water moccasin (D:5)
  2 sky beasts (D:7)
  4 orc warriors
  2 ice beasts
  3 black bears
  4 centaurs
  5 kobold brigands
  2 necrophages
  3 scorpions
  4 wights (D:8)
  11 killer bees
  4 howler monkeys
  6 hounds
  3 iguanas
  5 jellies
  8 orc priests
  A gnoll shaman (D:8)
  Jessica (D:2)
  Terence (D:3)
  19 orc wizards
  A mummy (Ossuary)
  5 gnolls
  10 adders
  2 shadow imps
  4 white imps
  3 ufetubi (D:5)
  A worm (D:2)
  2 dart slugs
  47 orcs
  6 bats
  7 endoplasms
  2 giant cockroaches
  17 goblins
  12 hobgoblins
  4 jackals
  8 quokkas
  3 training dummies (D:7)
  13 ball pythons
  4 frilled lizards
  4 gnoll skeletons (Ossuary)
  36 kobolds
  6 kobold skeletons (Ossuary)
  15 orc skeletons (Ossuary)
  5 rats
  A bush (D:6)
325 creatures vanquished.

Vanquished Creatures (others)
  A gnoll (D:8)
  10 fungi
  4 toadstools (D:8)
15 creatures vanquished.

Grand Total: 340 creatures vanquished

Notes
Turn   | Place    | Note
-------+----------+-------------------------------------------
     0 | D:1      | Pooter the Spriggan Hunter began the quest for the Orb.
     0 | D:1      | Reached XP level 1. HP: 10/10 MP: 2/2
   127 | D:1      | Reached skill level 5 in Ranged Weapons
   192 | D:1      | Reached XP level 2. HP: 15/15 MP: 3/3
   932 | D:2      | Reached XP level 3. HP: 18/18 MP: 4/4
  1207 | D:2      | Reached XP level 4. HP: 23/23 MP: 5/5
  1293 | D:2      | Noticed Jessica
  1294 | D:2      | Killed Jessica
  1812 | D:3      | Reached skill level 6 in Ranged Weapons
  2223 | D:3      | Noticed Terence
  2249 | D:3      | Killed Terence
  2250 | D:3      | Reached skill level 1 in Evocations
  2250 | D:3      | Reached XP level 5. HP: 26/26 MP: 6/6
  2262 | D:3      | Noticed Robin
  2281 | D:3      | Noticed Robin
  2281 | D:3      | Robin changed into Robin the howler monkey
  2458 | D:2      | Killed Robin the howler monkey
  3297 | D:3      | Reached XP level 6. HP: 32/32 MP: 7/7
  3630 | D:3      | Reached skill level 7 in Ranged Weapons
  3771 | D:4      | Noticed Pikel
  3776 | D:4      | Killed Pikel
  3777 | D:4      | Reached skill level 8 in Ranged Weapons
  3777 | D:4      | Reached skill level 5 in Dodging
  3777 | D:4      | Reached skill level 5 in Stealth
  3777 | D:4      | Reached XP level 7. HP: 36/36 MP: 8/8
  3783 | D:4      | Identified the +1 robe of the Clam {rF+ Str-3 Int+3}
  3948 | D:4      | Reached XP level 8. HP: 40/40 MP: 9/9
  4489 | D:5      | Entered Level 5 of the Dungeon
  4518 | D:5      | Identified the +6 spear "Xopt" {antimagic, rF+ rCorr Str+3}
  4674 | D:5      | Found a sand-covered staircase.
  4678 | Ossuary  | Entered an ossuary
  5342 | Ossuary  | Reached skill level 9 in Ranged Weapons
  5342 | Ossuary  | Reached skill level 5 in Evocations
  5443 | D:5      | Found a hazy altar of Hepliaklqana.
  5883 | D:5      | Reached XP level 9. HP: 45/45 MP: 10/10
  6193 | D:5      | Reached skill level 10 in Ranged Weapons
  6960 | D:6      | Found Sakhef's Jewellery Shoppe.
  7211 | D:6      | Found a staircase to the Ecumenical Temple.
  7223 | Temple   | Entered the Ecumenical Temple
  7905 | D:7      | Found Efer's Firing Range.
  7916 | D:7      | Bought 2 boomerangs of dispersal for 39 gold pieces
  8484 | D:7      | Reached skill level 5 in Fighting
  8484 | D:7      | Reached skill level 11 in Ranged Weapons
  9038 | D:8      | Noticed Maggie
  9044 | D:8      | Killed Maggie
  9045 | D:8      | Reached XP level 10. HP: 35/51 MP: 11/11
  9938 | D:8      | Identified the +1 glaive of Deformation {pain, Int+4}
 10635 | D:8      | Learned a level 2 spell: Ensorcelled Hibernation
 10638 | D:8      | Learned a level 2 spell: Passwall
 11134 | D:8      | Reached skill level 1 in Transmutations
 11547 | D:8      | Noticed Maurice
 11559 | D:8      | Killed Maurice
 11560 | D:8      | Reached skill level 1 in Spellcasting
 11560 | D:8      | Reached skill level 1 in Hexes
 11814 | D:8      | Reached skill level 1 in Earth Magic
 12011 | D:8      | Reached skill level 1 in Ice Magic
 12274 | D:9      | Found Yqyxaas's Distillery.
 12285 | D:9      | Bought a potion of curing for 36 gold pieces
 12285 | D:9      | Bought a potion of heal wounds for 60 gold pieces
 12285 | D:9      | Bought a potion of cancellation for 96 gold pieces
 12507 | D:9      | Reached skill level 12 in Ranged Weapons
 12507 | D:9      | Reached skill level 10 in Stealth
 13125 | D:9      | Found Wavett's Assorted Antiques.
 13133 | D:9      | Bought a short bone wand for 124 gold pieces
 13158 | D:9      | Noticed Prince Ribbit
 13161 | D:9      | Killed Prince Ribbit
 13207 | D:9      | Reached skill level 13 in Ranged Weapons
 13207 | D:9      | Reached XP level 11. HP: 56/56 MP: 15/18
 13250 | D:9      | Found Qeonukoo's Antique Armour Shop.
 13261 | D:9      | Found Pulune's Book Boutique.
 13401 | D:9      | Found Gudounn's Antique Weapon Boutique.
 14023 | D:9      | Reached XP level 12. HP: 49/60 MP: 15/19
 14365 | D:10     | Entered Level 10 of the Dungeon
 14371 | D:10     | Noticed Nergalle
 14375 | D:10     | Identified the +7 quarterstaff of Rocvyol {antimagic,
                  | Dex+3}
 14387 | D:10     | Slain by a vampire mosquito

Illustrated notes

Levels and vault maps discovered:
D:1:      pf_arrival_petrified_forest, layout_loops_ring
D:2:      layout_basic, minmay_stone_trees_small,
          nicolae_kite_square_tiling_tiny, moated_statue, uniq_jessica
D:3:      layout_basic, serial_park_tiny_1, uniq_terence, uniq_robin
D:4:      layout_rooms, dreamdust_gnoll_farm, uniq_pikel
D:5:      cheibrodos_fzero, layout_basic, overflow_temple_1_default,
          nicolae_ossuary_entry_plus, dreamdust_mushroom_princess
D:6:      layout_gridville, minmay_temple_entry_glassed_door, serial_shops,
          kennysheep_mini_moat, kennysheep_donut, kb_lookout_dungeons_type
D:7:      minmay_octagon_keep, layout_basic, grunt_ministairs_13, minivault_22,
          st_stairs_2, minivault_27, nicolae_shop_firing_range
D:8:      minmay_flawed_box, layout_rooms, nicolae_eternal_life,
          minmay_gold_behind_fungi, minmay_stone_trees_large, uniq_maggie,
          uniq_maurice
D:9:      layout_basic, serial_shops, nicolae_square_shop, shop,
          nicolae_lakefront_shop, shop, nicolae_shop_statue_plus,
          uniq_prince_ribbit1
D:10:     layout_cave_pools, orc_0_dummy, uniq_nergalle
Temple:   compressed_dpeg_circular_temple

Skill      XL: |  1  2  3  4  5  6  7  8  9 10 |
---------------+-------------------------------+-----
Ranged Weapons | 5 6 8 9 11 13 | 13.1
Stealth        | 2 3 4 5 6 7 9 11 | 11.2
Dodging        | 3 4 5 6 8 9 |  9.7
Fighting       | 2 3 4 5 |  5.7
Evocations     | 1 2 4 5 7 |  7.6
Transmutations | 4 |  4.6
Spellcasting   | 4 |  4.3
Hexes          | 4 |  4.2
Earth Magic    | 3 |  3.2
Ice Magic      | 2 |  2.9

Action                   |  1- 3 |  4- 6 |  7- 9 | 10-12 || total
-------------------------+-------+-------+-------+-------++-------
Melee: Short sword       |     2 |       |       |       ||     2
       War axe           |       |    27 |       |       ||    27
       Punch             |       |     1 |     2 |     4 ||     7
       Spear             |       |       |    30 |    20 ||    50
       Morningstar       |       |       |    66 |    31 ||    97
       Scimitar          |       |       |       |   103 ||   103
 Fire: Shortbow          |    56 |       |       |       ||    56
       Arbalest          |    30 |   130 |   279 |   119 ||   558
Throw: Dart              |       |       |    17 |       ||    17
       Boomerang         |       |       |     3 |       ||     3
Evoke: Wand              |       |     5 |     3 |     2 ||    10
  Use: Scroll            |     1 |     8 |    11 |     6 ||    26
       Potion            |       |     3 |       |     2 ||     5
 Stab: Sleeping          |       |       |     1 |       ||     1
Armor: Robe              |     2 |     8 |     4 |       ||    14
       Acid dragon scale |       |       |     9 |    48 ||    57
Dodge: Dodged            |    11 |   125 |   131 |   399 ||   666

Table legend: (Time is in decaauts)
 A = Elapsed time spent in this place.
 B = Non-inter-level travel time spent in this place.
 C = Inter-level travel time spent in this place.
 D = Time resting spent in this place.
 E = Time spent auto-exploring this place.
 F = Levels seen in this place.
 G = Mean time per level.
                   A        B        C        D        E       F      G
               +--------+--------+--------+--------+--------+-----+--------+
         Total |  12091 |  11887 |    204 |   4579 |   4807 |  12 | 1007.6 |
       Dungeon |  11353 |  11167 |    186 |   4115 |   4762 |  10 | 1135.3 |
        Temple |     77 |     59 |     18 |      0 |     34 |   1 |   77.0 |
       Ossuary |    661 |    661 |      0 |    464 |     10 |   1 |  661.0 |
               +--------+--------+--------+--------+--------+-----+--------+

Top non-repeatable levels by time:
     D:8: 3194 daAuts
     D:3: 1456 daAuts
     D:7: 1450 daAuts
     D:9: 1230 daAuts
     D:5: 1133 daAuts
     D:2: 940 daAuts
     D:6: 717 daAuts
 Ossuary: 661 daAuts
     D:1: 625 daAuts
     D:4: 584 daAuts
  Temple: 77 daAuts
    D:10: 20 daAuts
